 Dungeon Crawl Stone Soup version 0.29-a0-925-g0a7a3d12f8 (webtiles) character file.

Game seed: 10814500966590892298

11453 wilfster70 the Severer (level 11, 0/105 HPs)
             Began as a Minotaur Berserker on July 29, 2022.
             Was an Elder of Trog.
             Slain by a death knight
             ... wielding a +2 great sword
              (9 damage)
             ... on level 12 of the Dungeon.
             The game lasted 00:22:42 (13505 turns).

wilfster70 the Severer (Minotaur Berserker)        Turns: 13505, Time: 00:22:42

Health: 0/105      AC: 16    Str: 28    XL:     11   Next: 49%
Magic:  10/10      EV:  7    Int:  6    God:    Trog [****..]
Gold:   342        SH: 22    Dex:  9    Spells: 10/10 levels left

rFire   . . .      SeeInvis .   a - +0 broad axe (elec)
rCold   + . .      Faith    .   u - +8 tower shield of the Mantidfly {rC+ rN+}
rNeg    + + .      Spirit   .   G - +0 plate armour
rPois   .          Reflect  +   (helmet restricted)
rElec   .          Harm     .   (no cloak)
rCorr   .          Rampage  .   (no gloves)
Will    ++...                   c - +2 pair of boots
Stlth   ..........              m - amulet of reflection
HPRegen 1.27/turn               A - +4 ring of evasion
MPRegen 0.12/turn               v - ring "Ulued" {Fly rN+ Str+3 Stlth+}

@: strong-willed, flying, regenerating
A: horns 2, retaliatory headbutt
a: Renounce Religion, Berserk, Trog's Hand, Brothers in Arms


You were on level 12 of the Dungeon.
You worshipped Trog.
Trog was greatly pleased with you.
You visited 1 branch of the dungeon, and saw 12 of its levels.
You also visited: Bailey.

You collected 696 gold pieces.
You spent 354 gold pieces at shops.

Inventory:

Hand Weapons
 a - a +0 broad axe of electrocution (weapon)
 b - a +1 war axe of venom
Missiles
 z - 2 throwing nets (quivered)
Armour
 c - a +2 pair of boots (worn)
 u - the +8 tower shield of the Mantidfly (worn) {rC+ rN+}
   (You found it in a bailey)

   rC:        It protects you from cold.
   rN:        It protects you from negative energy.
 G - a +0 plate armour (worn)
Jewellery
 l - a ring of resist corrosion
 m - an amulet of reflection (around neck)
 v - the ring "Ulued" (right hand) {Fly rN+ Str+3 Stlth+}
   (You acquired it on level 11 of the Dungeon)

   [ring of flight]

   Str:       It affects your strength (+3).
   rN:        It protects you from negative energy.
   Fly:       It grants you flight.
   Stlth:     It makes you more stealthy.
 A - a +4 ring of evasion (left hand)
Wands
 d - a wand of flame (17)
 e - a wand of quicksilver (12)
 k - a wand of roots (12)
 n - a wand of mindburst (20)
 q - a wand of digging (8)
 r - a wand of charming (5)
 y - a wand of polymorph (9)
Scrolls
 o - 6 scrolls of teleportation
 t - 7 scrolls of enchant armour
 x - 3 scrolls of immolation
 D - a scroll of butterflies
 E - 4 scrolls of magic mapping
 F - a scroll of blinking
Potions
 f - 2 potions of lignification
 g - 4 potions of mutation
 h - 4 potions of curing
 i - a potion of degeneration {unknown}
 j - a potion of ambrosia {unknown}
 p - 3 potions of flight
 s - 2 potions of haste
 w - 2 potions of cancellation
 B - a potion of might {unknown}
 C - a potion of berserk rage {unknown}
 H - a potion of invisibility {unknown}


   Skills:
 + Level 12.7 Fighting
 * Level 16.9 Axes
 - Level 7.0 Armour
 - Level 2.6 Dodging


You had 10 spell levels left.
You didn't know any spells.
Your spell library contained the following spells:

 Spells                   Type           Power      Damage    Failure   Level
 Gell's Gravitas          Tloc           0%         N/A       100%        3
 Lesser Beckoning         Tloc           0%         N/A       100%        3
 Teleport Other           Tloc           0%         N/A       100%        3


Dungeon Overview and Level Annotations

Branches:
Dungeon (12/15)            Temple (0/1) D:6            Lair (0/5) D:10
    Orc (0/2) D:9          Bailey (visited)

Altars:
Ashenzari
Cheibriados
Dithmenos
Gozag
Kikubaaqudgha
Nemelex Xobeh
Okawaru
Qazlal
Ru
Sif Muna
Trog
Uskayaw
Wu Jian
Xom
Zin
The Shining One

Shops:
D:2 *   D:7 =   D:10 *   D:12 *

Annotations:
D:7 exclusion: door


Innate Abilities, Weirdness & Mutations

You have a pair of horns on your head.
You reflexively headbutt those who attack you in melee.


Message History

The cyclops barely misses your polar bear.
You hit the death knight.
Lightning courses through the death knight!!
The death knight is severely wounded.
The death knight reflects your damage back at you!
Your polar bear bites the death knight!
Your polar bear suffers a backlash!
Your polar bear dies!
Your polar bear's corpse disappears in a puff of smoke!
You block the death knight's attack. x2
You slash the death knight!
The death knight is almost dead.
You slash the cyclops!
The death knight reflects your damage back at you!
The death knight invokes the aid of Yredelemnul against you.
Your body is wracked with pain!
You block the cyclops's attack.
The death knight hits you with a +2 great sword!
You slash the death knight!
You headbutt the death knight, but do no damage.
The death knight is almost dead.
You hit the cyclops.
The death knight reflects your damage back at you!
* * * LOW HITPOINT WARNING * * *
The death knight's dark mirror aura disappears.
You block the death knight's attack. The cyclops barely misses you.
You furiously retaliate!
You headbutt the cyclops. The gnoll barely misses you.
The death knight hits you with a +2 great sword!
* * * LOW HITPOINT WARNING * * *
You block the gnoll's attack. You block the cyclops's attack.
You closely miss the death knight.
You headbutt the death knight, but do no damage.
The death knight is almost dead.
You hit the cyclops but do no damage. You hit the gnoll but do no damage.
You feel yourself speed up. You block the death knight's attack.
You block the gnoll's attack. The gnoll hits you but does no damage.
The cyclops hits you!
* * * LOW HITPOINT WARNING * * *
The gnoll hits you but does no damage.
The death knight hits you with a +2 great sword!
You die...

.. .. # #.# . .# #.
..###.#.#
####.####....... .
...(...W....... .
.....#WW##.(#.#.# #
.....##p##..#.#.#.#
.....#C@.##........
.....gg∩...†.......
>....#...#....###..
#### ##.##...## .##
#.##....# . ...
#.....#.# ..#.#
###########.#.#
..#.#
#.......###.#.###..
..#.#
#..................


You could see a death knight, a cyclops, 2 freezing wraiths, a wraith and 2
gnolls.

Vanquished Creatures
  Snorg (D:10)
  2 two-headed ogres
  Pikel (D:5)
  A manticore (D:12)
  A cyclops (D:11)
  A komodo dragon (D:11)
  A hornet (D:10)
  4 trolls
  A slime creature (D:7)
  A shadow (D:10)
  7 yaks (D:9)
  2 steam dragons
  A basilisk (D:11)
  Grum (D:9)
  Menkaure (D:7)
  2 water moccasins
  3 acid dragons
  8 orc warriors
  2 ice beasts
  A black bear (D:5)
  5 centaurs
  2 wolves (D:9)
  4 lemures (D:5)
  5 kobold brigands
  A phantom (D:6)
  Blork the orc (D:5)
  5 bullfrogs
  A gnoll sergeant (D:10)
  A necrophage (D:7)
  A scorpion (D:6)
  4 wights (D:7)
  13 killer bees
  A howler monkey (D:11)
  A crimson imp (D:6)
  4 hounds
  2 orc priests
  4 jellies
  12 orc wizards
  7 adders
  11 gnolls
  A shadow imp (D:7)
  2 white imps (D:6)
  An ufetubus (D:5)
  2 worms
  2 dart slugs
  54 orcs
  2 ball pythons
  3 bats
  5 endoplasms
  5 giant cockroaches
  10 goblins
  4 hobgoblins
  13 jackals
  6 frilled lizards
  16 kobolds
  7 rats
260 creatures vanquished.

Vanquished Creatures (collateral kills)
  A freezing wraith (D:12)
1 creature vanquished.

Vanquished Creatures (others)
  2 orcs (D:8)
2 creatures vanquished.

Grand Total: 263 creatures vanquished

Notes
Turn   | Place    | Note
-------+----------+-------------------------------------------
     0 | D:1      | wilfster70 the Minotaur Berserker began the quest for the
                  | Orb.
     0 | D:1      | Reached XP level 1. HP: 19/19 MP: 0/0
   235 | D:1      | Reached XP level 2. HP: 27/27 MP: 1/1
   327 | D:1      | Reached skill level 4 in Axes
   513 | D:1      | Found a faded altar of an unknown god.
   770 | D:2      | Reached ** piety under Trog
   821 | D:2      | Reached XP level 3. HP: 33/33 MP: 2/2
   894 | D:2      | Found Zyaxkul's General Store.
   902 | D:2      | Bought a scroll of identify for 24 gold pieces
  1427 | D:3      | Reached XP level 4. HP: 18/41 MP: 3/3
  1624 | D:3      | Reached XP level 5. HP: 40/47 MP: 4/4
  1972 | D:3      | Reached skill level 5 in Axes
  2008 | D:3      | Reached skill level 5 in Fighting
  2298 | D:3      | Found an iron altar of Okawaru.
  2451 | D:4      | Noticed a water moccasin
  2456 | D:4      | Killed a water moccasin
  2457 | D:4      | Reached XP level 6. HP: 56/56 MP: 5/5
  2952 | D:4      | Identified the +0 chain mail "Puysaeg" {Int+6}
  3194 | D:4      | Found a sacrificial altar of Ru.
  3374 | D:4      | Found a shadowy altar of Dithmenos.
  3513 | D:5      | Entered Level 5 of the Dungeon
  3530 | D:5      | Reached skill level 6 in Axes
  3664 | D:5      | Found a stormy altar of Qazlal.
  3666 | D:5      | Noticed a water elemental
  3666 | D:5      | Noticed an air elemental
  3667 | D:5      | Noticed a fire elemental
  3706 | D:5      | Reached skill level 5 in Armour
  4016 | D:5      | Noticed Blork the orc
  4031 | D:5      | Killed Blork the orc
  4032 | D:5      | Reached XP level 7. HP: 62/62 MP: 6/6
  4167 | D:5      | Reached skill level 7 in Axes
  4650 | D:5      | Found a shimmering altar of Xom.
  5030 | D:5      | Noticed Pikel
  5038 | D:5      | Killed Pikel
  5039 | D:5      | Reached skill level 9 in Axes
  5039 | D:5      | Reached XP level 8. HP: 73/73 MP: 7/7
  5180 | D:6      | Found a staircase to the Ecumenical Temple.
  5563 | D:6      | Found a sparkling altar of Nemelex Xobeh.
  5563 | D:6      | Found a hide-covered altar of Uskayaw.
  5617 | D:6      | Reached skill level 10 in Axes
  5622 | D:6      | HP: 3/74 [steam dragon/ball of steam (11)]
  6349 | D:6      | Reached XP level 9. HP: 81/81 MP: 8/8
  6521 | D:7      | Noticed a two-headed ogre
  6531 | D:7      | Killed a two-headed ogre
  6532 | D:7      | Reached skill level 11 in Axes
  6571 | D:7      | Noticed Menkaure
  6580 | D:7      | Killed Menkaure
  6587 | D:7      | Reached skill level 12 in Axes
  6942 | D:7      | Found a shimmering blue altar of Sif Muna.
  6992 | D:7      | Reached *** piety under Trog
  7028 | D:7      | Found a glowing silver altar of Zin.
  7028 | D:7      | Noticed an angel
  7102 | D:7      | Found Teygguq's Jewellery Shoppe.
  7106 | D:7      | Bought an amulet of reflection for 330 gold pieces
  7226 | D:7      | Found a snail-covered altar of Cheibriados.
  7538 | D:8      | Reached skill level 13 in Axes
  7564 | D:8      | Reached skill level 10 in Fighting
  7869 | D:8      | Found a bloodstained altar of Trog.
  7936 | D:8      | Reached XP level 10. HP: 81/93 MP: 9/9
  8093 | D:8      | Found an ornate altar of the Wu Jian Council.
  8787 | D:8      | Found a broken altar of Ashenzari.
  8996 | D:9      | Noticed Grum
  9008 | D:9      | Killed Grum
  9111 | D:9      | Found a staircase to the Orcish Mines.
  9265 | D:9      | Reached skill level 14 in Axes
  9558 | D:9      | Found a glowing golden altar of the Shining One.
  9694 | D:9      | Reached **** piety under Trog
 10410 | D:10     | Entered Level 10 of the Dungeon
 10411 | D:10     | Found a flagged portal.
 10429 | Bailey   | Entered a bailey
 10453 | Bailey   | Reached skill level 15 in Axes
 11147 | Bailey   | Identified the +8 tower shield of the Mantidfly {rC+ rN+}
 11326 | D:10     | Found an ancient bone altar of Kikubaaqudgha.
 11342 | D:10     | Found an opulent altar of Gozag.
 11352 | D:10     | Noticed Snorg
 11369 | D:10     | Killed Snorg
 11370 | D:10     | Reached XP level 11. HP: 58/104 MP: 10/10
 11651 | D:10     | Noticed a two-headed ogre
 11659 | D:10     | Killed a two-headed ogre
 11766 | D:10     | Found a staircase to the Lair.
 11838 | D:10     | Reached skill level 16 in Axes
 12360 | D:10     | Found Zetufeysk's General Store.
 12589 | D:11     | Identified a scroll of acquirement
 12589 | D:11     | Acquired the ring "Ulued" {Fly rN+ Str+3 Stlth+}
 13487 | D:12     | Found Ofemiqoh's Gadget Gallery.
 13494 | D:12     | Noticed a death knight
 13505 | D:12     | Slain by a death knight

Illustrated notes

Levels and vault maps discovered:
D:1:      psy_arrival_conway, layout_basic,
          hellmonk_ecumenical_altar_pennies_from_heaven
D:2:      layout_basic, serial_shops, shop
D:3:      layout_basic, okawaru_ov_weapons_minmay
D:4:      minmay_angry_zag, layout_loops_ring,
          mainiacjoe_overflow_surrounded_room, mainiacjoe_overflow_cross_hatched
D:5:      layout_loops_cross, brannock_xom_greatest_gift,
          nicolae_qazlal_style_of_elements, corexii_hall_statues_l,
          serial_bayou_crossing, uniq_pikel, uniq_blork_the_orc
D:6:      layout_loops_ring, jmf_multi_god_temple, minmay_temple_entry_grid,
          serial_park_tiny_pond, minmay_fire_ice_demons
D:7:      layout_basic, zin_angel, led_sif_book, kennysheep_mini_moat,
          serial_shops, shop, minmay_small_thing, uniq_menkaure
D:8:      layout_cave_pools, trog_three_pillars_becter,
          nicolae_wu_jian_wuxing_cycle, mainiacjoe_overflow_24_doors
D:9:      minmay_evil_eye, layout_layer_cave, nicolae_tso_carved_into_rock,
          orc_0_dummy, palyth_stone_intersect, uniq_grum
D:10:     layout_irregular_city, mainiacjoe_overflow_catwalk_spiral,
          lair_entry_dummy, enter_bailey_3, serial_shops,
          nicolae_shop_behind_doors, kennysheep_generic_room_3, uniq_snorg
D:11:     layout_stronghold
D:12:     layout_basic, ebering_dispersal_statue_hall, nicolae_shop_gadgets

Skill      XL: |  1  2  3  4  5  6  7  8  9 10 11 |
---------------+----------------------------------+-----
Axes           | 4 5 6 9 10 13 15 16 | 16.9
Fighting       | 4 5 7 8 10 11 12 | 12.7
Armour         | 3 4 5 6 7 |  7.0
Dodging        | |  2.6

Action                   |  1- 3 |  4- 6 |  7- 9 | 10-12 || total
-------------------------+-------+-------+-------+-------++-------
Melee: Hand axe          |    90 |    69 |       |       ||   159
       Headbutt          |    10 |    14 |    36 |    49 ||   109
       Punch             |     1 |     3 |     2 |       ||     6
       War axe           |       |    50 |   219 |    91 ||   360
       Broad axe         |       |       |       |   186 ||   186
Invok: Berserk           |     3 |     5 |     7 |     6 ||    21
       Trog's Hand       |     1 |     4 |     4 |     3 ||    12
       Brothers in Arms  |       |       |       |     1 ||     1
  Use: Scroll            |     6 |       |     9 |     9 ||    24
       Potion            |       |       |     2 |       ||     2
Armor: Animal skin       |     9 |       |       |       ||     9
       Scale mail        |    33 |    51 |     1 |       ||    85
       Chain mail        |       |       |   121 |   101 ||   222
       Plate armour      |       |       |       |    28 ||    28
Dodge: Dodged            |    66 |    38 |    82 |   114 ||   300
Block: Other             |       |       |    15 |    42 ||    57
       Reflection        |       |       |     1 |    10 ||    11
       Tower shield      |       |       |       |   167 ||   167

Table legend: (Time is in decaauts)
 A = Elapsed time spent in this place.
 B = Non-inter-level travel time spent in this place.
 C = Inter-level travel time spent in this place.
 D = Time resting spent in this place.
 E = Time spent auto-exploring this place.
 F = Levels seen in this place.
 G = Mean time per level.
                   A        B        C        D        E       F      G
               +--------+--------+--------+--------+--------+-----+--------+
         Total |  13728 |  13390 |    338 |   4105 |   6172 |  13 | 1056.0 |
       Dungeon |  12950 |  12612 |    338 |   3671 |   6155 |  12 | 1079.2 |
        Bailey |    777 |    777 |      0 |    434 |     17 |   1 |  777.0 |
               +--------+--------+--------+--------+--------+-----+--------+

Top non-repeatable levels by time:
     D:5: 1721 daAuts
     D:9: 1566 daAuts
     D:8: 1389 daAuts
    D:10: 1289 daAuts
     D:6: 1226 daAuts
     D:7: 1141 daAuts
     D:4: 1085 daAuts
     D:3: 1080 daAuts
    D:11: 976 daAuts
  Bailey: 777 daAuts
     D:1: 771 daAuts
     D:2: 644 daAuts
    D:12: 57 daAuts
